AoeStats
← Recycle your waste

Arena

507667481Analyzed
4v4 RM · 14d ago on Sep 19, 2026· 31m 53s· 8 players
Game mode
Random Map
Map size
Large (8 player)
Population
200
Speed
Normal
Resources
Standard
Victory
Conquest
Starting age
Dark Age
Ending age
Imperial Age
RankedLock teamsTeams togetherTeam positionsShared explorationLock speedFull tech treeHidden civsTurbo modeCheats
Victory
Defeat
🇲🇽 Persians · Mexico
1102
+13
🇨🇳 Maya · China
1057
+15
🇲🇽 Turks · Mexico
1056
+15
🇷🇺 Turks · Russia
1032
+16
🇯🇵 Inca · Japan
1066
-17
🇮🇳 Tatars · India
1030
-15
🇲🇽 Gurjaras · Mexico
1022
-14
🇨🇴 Italians · Colombia
994
-13
dantealhz
0:34 Loom
10:24 Feudal Age
14:09 Double-Bit Axe
16:44 Castle Age
15:37 Horse Collar
15:55 Gold Mining
19:01 Fervor
19:33 Gold Shaft Mining
19:42 Wheelbarrow
22:05 Hand Cart
23:08 Town Watch
24:19 Forging
24:16 Scale Barding Armor
26:54 Iron Casting
26:40 Chain Barding Armor
26:43 Bloodlines
26:34 Husbandry
28:27 Chain Barding Armor
31:38 Heavy Plow
JJ.RAMBO
10:36 Feudal Age
12:08 Double-Bit Axe
18:05 Castle Age
15:56 Loom
16:32 Stone Mining
16:35 Gold Mining
16:29 Horse Collar
22:24 Wheelbarrow
24:44 Scale Barding Armor
25:39 Light Cavalry
aśoka
11:19 Feudal Age
15:52 Castle Age
13:40 Double-Bit Axe
15:33 Horse Collar
16:40 Wheelbarrow
17:19 Bloodlines
20:15 Loom
22:49 Husbandry
24:36 Bow Saw
25:05 Fletching
25:16 Padded Archer Armor
28:07 Bodkin Arrow
29:11 Leather Archer Armor
29:29 Hand Cart
28:59 Town Watch
30:46 Scale Barding Armor
31:01 Forging
abuderoあああ
10:56 Feudal Age
12:01 Loom
14:49 Castle Age
12:36 Horse Collar
12:51 Double-Bit Axe
15:06 Wheelbarrow
16:07 Bow Saw
25:40 Treadmill Crane
26:00 Fletching
27:17 Ballistics
26:21 Elite Skirmisher
27:03 Padded Archer Armor
27:25 Bodkin Arrow
28:16 Leather Archer Armor
30:29 Thumb Ring
34:35 Imperial Age
オンドリ
12:03 Feudal Age
13:34 Double-Bit Axe
16:15 Castle Age
14:17 Gold Mining
20:24 Imperial Age
Lord_Farquaad
11:01 Feudal Age
16:24 Castle Age
14:47 Double-Bit Axe
14:59 Horse Collar
23:59 Forging
24:43 Heavy Plow
29:23 Bow Saw
29:51 Iron Casting
29:22 Scale Barding Armor
30:06 Gold Mining
34:58 Imperial Age
32:13 Loom
33:04 Wheelbarrow
不服就干
0:35 Loom
10:42 Feudal Age
11:54 Double-Bit Axe
11:51 Horse Collar
18:00 Castle Age
16:18 Stone Mining
18:13 Wheelbarrow
20:27 Crossbowman
23:46 Fletching
23:46 Town Watch
25:42 Bow Saw
26:55 Bodkin Arrow
27:23 Gold Mining
27:53 Padded Archer Armor
29:22 Ballistics
29:17 Thumb Ring
30:41 Leather Archer Armor
31:13 Hand Cart
32:29 Scale Mail Armor
Recycle your waste
12:26 Feudal Age
12:58 Loom
14:52 Double-Bit Axe
17:45 Castle Age
16:28 Horse Collar
23:45 Imperial Age
30:26 Squires
29:49 Heavy Camel Rider
30:39 Bloodlines
Connection lost

Rejoining the realm…

Still unreachable

The connection could not be restored.

Session expired

The server has moved on; the page needs a fresh start.